 Dungeon Crawl Stone Soup version 0.19.1 (webtiles) character file.

107 lofty the Caller (level 5, -1/35 HPs)
             Began as a Human Summoner on Dec 22, 2016.
             Slain by an adder (5 damage)
             ... on level 4 of the Dungeon.
             The game lasted 00:50:19 (3199 turns).

lofty the Caller (Human Summoner)                   Turns: 3199, Time: 00:50:20

Health: -1/35      AC:  2    Str:  8    XL:     5   Next: 11%
Magic:  4/19       EV: 12    Int: 17    God:
Gold:   125        SH:  0    Dex: 13    Spells: 4 memorised, 1 level left

rFire  . . .     SeeInvis .     l - +1 short sword
rCold  . . .     Gourm    .     a - +0 robe
rNeg   . . .     Faith    .     (no shield)
rPois  .         Spirit   .     (no helmet)
rElec  .         Reflect  .     (no cloak)
rCorr  .         Harm     .     (no gloves)
MR     .....                    (no boots)
Stlth  ++........               (no amulet)
                                (no ring)
                                f - ring of magical power

@: lethally poisoned (-1 -> -4)
A: no striking features
a: no special abilities


You were on level 4 of the Dungeon.
You were not hungry.

You visited 1 branch of the dungeon, and saw 4 of its levels.

You collected 125 gold pieces.

Inventory:

Hand Weapons
 g - a -1 spear
 l - a +1 short sword (weapon)
 m - a +0 club
Missiles
 e - 80 stones (quivered)
Armour
 a - a +0 robe (worn)
 k - a +0 scale mail
Jewellery
 f - a ring of magical power (left hand)
Scrolls
 c - a scroll of identify
Potions
 h - 2 potions of magic {unknown}
 i - a potion of lignification {unknown}
 o - a potion of haste {unknown}
Books
 b - a book of Callings

   Spells                             Type                      Level
   a - Summon Small Mammal            Summoning                    1
   b - Call Imp                       Summoning                    2
   c - Call Canine Familiar           Summoning                    3
   d - Summon Guardian Golem          Hexes/Summoning              3
   e - Summon Lightning Spire         Summoning/Air                4
   f - Summon Ice Beast               Ice/Summoning                4
Comestibles
 j - 2 meat rations
 n - a beef jerky


   Skills:
 + Level 2.2 Dodging
 + Level 2.0 Stealth
 + Level 3.4 Spellcasting
 + Level 0.2 Hexes
 + Level 4.9 Summonings


You had one spell level left.
You knew the following spells:

 Your Spells              Type           Power        Failure   Level  Hunger
a - Call Canine Familiar  Summ           ###.....     10%         3    ###....
b - Summon Guardian Gole  Hex/Summ       ##......     21%         3    ###....
c - Call Imp              Summ           ###.....     3%          2    ##.....
d - Summon Small Mammal   Summ           ###.         2%          1    None


Dungeon Overview and Level Annotations

Branches:
Dungeon (4/15)
 Temple: D:4-7

Altars:

Annotations:
D:4 Grinder


Message History

Your hound bites the iguana but does no damage.
Something hits you.
You hit the adder.
The adder is heavily wounded.
The adder bites you.
You are poisoned.
The adder poisons you! The iguana closely misses you.
Your hound bites the iguana.
Something hits you.
* * * LOW HITPOINT WARNING * * *
The adder closely misses you.
You feel sick.
Grinder shouts!
Your hound bites the iguana.
Grinder gestures at you. You resist with significant effort.
The adder bites you.
* * * LOW HITPOINT WARNING * * *
* * * LOW HITPOINT WARNING * * *
You feel sick.
Your hound bites something.
Something hits your hound. The adder bites you.
You die...

##...................o#.....#
#..........###..#.......{o..#
##..........##...##....h).....
..........o.##...............#
.........#'###.............###
.........#...#.............#
......Z..#...#.[....#........
......####.hl##.....#.........
............{.S@....#.........
..............Z....>#......
####.......................
#.......................
..).......5.........
.................#..
.................# .
.......s......#


You could see Grinder, an iguana, an adder, a giant cockroach (wandering), a
leopard gecko skeleton and a friendly hound.

Vanquished Creatures
  A goblin (D:1)
  2 rats
3 creatures vanquished.

Vanquished Creatures (collateral kills)
  An orc wizard (D:4)
  4 gnolls (D:2)
  4 adders
  2 oozes (D:2)
  An adder skeleton (D:4)
  2 worms
  3 dart slugs
  3 leopard geckos
  4 giant cockroaches
  10 goblins
  6 hobgoblins
  5 jackals (D:2)
  5 kobolds
  A quokka (D:3)
  3 bats
  5 frilled lizards
  3 rats (D:1)
62 creatures vanquished.

Grand Total: 65 creatures vanquished

Notes
Turn   | Place    | Note
-------+----------+-------------------------------------------
     0 | D:1      | lofty the Human Summoner began the quest for the Orb.
     0 | D:1      | Reached XP level 1. HP: 13/13 MP: 3/3
   272 | D:1      | Reached XP level 2. HP: 19/19 MP: 5/5
   848 | D:3      | Reached XP level 3. HP: 24/24 MP: 6/6
   862 | D:3      | Learned a level 3 spell: Summon Guardian Golem
  1876 | D:2      | Reached XP level 4. HP: 30/30 MP: 3/8
  1985 | D:2      | Learned a level 2 spell: Call Imp
  2571 | D:2      | Learned a level 3 spell: Call Canine Familiar
  2573 | D:2      | Learned a level 1 spell: Summon Small Mammal
  3146 | D:4      | Noticed an orc warrior
  3163 | D:4      | Reached XP level 5. HP: 23/35 MP: 1/10
  3192 | D:4      | Noticed Grinder
  3199 | D:4      | Slain by an adder

Skill      XL: |  1  2  3  4 |
---------------+-------------+-----
Spellcasting   | 3 |  3.4
Dodging        | |  2.2
Stealth        | |  2.0
Hexes          | |  0.2
Summonings     | |  4.9

Action                   |  1- 3 |  4- 6 || total
-------------------------+-------+-------++-------
Melee: Unarmed           |     4 |       ||     4
       Spear             |     6 |     1 ||     7
       Short sword       |       |     2 ||     2
 Cast: Summon Small Mamm |   103 |    15 ||   118
       Summon Guardian G |    14 |     8 ||    22
       Call Imp          |       |    27 ||    27
       Call Canine Famil |       |    11 ||    11
  Use: Scroll            |     3 |     6 ||     9
       Potion            |     2 |       ||     2
  Eat: Bread ration      |     2 |     1 ||     3
       Chunk             |       |     3 ||     3
Armor: Robe              |    16 |     8 ||    24
Dodge: Dodged            |    46 |    19 ||    65
